Unix NetHack Version 5.0.0-0 post-release - last build Jun 10 2026 00:39:30 (3ee93aec679c4c4259841fe613dc97188e26a321,branch:main).

Game began 2026-06-25 18:27:14, ended 2026-06-26 04:41:28.

IanCurtis, chaotic male elven Wizard

            -----------------------                    -------------------
            |............*........|                    |........)........|
            |[..................|%---------------------|.---------------.|
            --------------------|.)....................-.|.....%.........|
     *        (|.....|..)......[|.---------------------|.|...----..-------
               |.....|.)-------.|.-------------------- |.|..`|---..-------
          *    ......|))|     |...(..................|--.----|...........|
   $$           .....|..|     -----------------------|...... |---..-----.|
        $        ....|..------------------------------..-----|..|..|   |.|
                  ...|.)..........[...............`.....|...*|..|..|   |.|
        *      *   .----------------------------------..---..|..|..----|.|
       * $         ..|..|.^.........^................|....|..-|-|.....||.|
   **###############`-`%|..*.............[.........---....|.....|--.*.||.|
   **                |.a)....).)..*.[<.............|...---|.|`--- |...||.|
                     |..|.)....[.....(.............|...| ---|`|   -----|.|
                     |..----------------------------...|--.--|----------.|
             * $     |.................................|.................|
                     -----------------------------------------------------
IanCurtis the Thaumaturge  St:12 Dx:13 Co:16 In:19 Wi:14 Ch:10  Chaotic
Dlvl:11 $:127 HP:0(72) Pw:58(82) AC:8  Xp:9 T:8964  Hungry  

Latest messages:
 The soldier ant misses!
 The magic-absorbing blade cancels the soldier ant!
 You kill the soldier ant!
 You hit the soldier ant.
 The soldier ant bites!
 The soldier ant stings!
 The soldier ant bites!
 The soldier ant stings!
 In what direction? l
 The spell hits the soldier ant!
 You kill the soldier ant!
 The spell hits the bat!
 You kill the bat!
 There is an open door here.
 You see here 2 soldier ant corpses.
 The soldier ant bites!
 The soldier ant stings!
 The soldier ant bites!
 The soldier ant stings!
 In what direction? l
 You kick a soldier ant corpse.
 You hit the soldier ant.
 The soldier ant bites!
 The soldier ant stings!
 What do you want to write with? [- acefhnqsuzE-GIJRZ or ?*] a
 You engrave in the floor with an uncursed athame named Magicbane (weapon in right hand).
 What do you want to engrave in the floor here? Elbereth
 The soldier ant turns to flee.
 The soldier ant turns to flee.
 The soldier ant turns to flee.
 You are beginning to feel hungry.
 You stop searching.
 What do you want to eat? [OV or ?*] ?
 What do you want to eat? [OV or ?*] <space>
 Never mind.
 The soldier ant turns to flee.
 You hear a wolf howling at the moon.
 There is an open door here.
 You see here a soldier ant corpse.
 w - a soldier ant corpse.
 Something is engraved here on the floor.
 You read: "El?erc h".
 In what direction? n
 The spell misses the soldier ant.
 The soldier ant bites!
 The soldier ant stings!
 The soldier ant bites!
 The soldier ant stings!
 You die...
 Do you want your possessions identified? [ynq] (y) q

Inventory:
 Coins    ('$')
  $ - 127 gold pieces
 Amulets  ('"')
  v - an uncursed amulet versus poison
 Weapons  (')')
  h - 12 +0 arrows
  a - the rustproof +0 Magicbane (weapon in right hand)
  I - the +0 Sting
  R - a blessed +1 quarterstaff
 Armor    ('[')
  t - an uncursed +0 pair of jumping boots named jumping (being worn)
  D - a cursed -1 cloak of displacement
  b - a blessed +0 cloak of magic resistance (being worn)
 Comestibles  ('%')
  O - an uncursed lizard corpse
  V - an uncursed lizard corpse
  w - an uncursed soldier ant corpse
 Scrolls  ('?')
  H - 2 uncursed scrolls of blank paper
  g - a cursed scroll of blank paper
  K - a blessed scroll of confuse monster
  p - an uncursed scroll of confuse monster
  W - an uncursed scroll of destroy armor
  i - an uncursed scroll of gold detection
  B - a blessed scroll of identify
  j - an uncursed scroll of identify
  C - a blessed scroll of remove curse
  U - a cursed scroll of remove curse
 Spellbooks  ('+')
  l - a blessed spellbook of force bolt
  m - an uncursed spellbook of slow monster
 Potions  ('!')
  y - a blessed potion of blindness
  P - a cursed potion of booze
  Q - an uncursed potion of object detection
  r - a blessed potion of oil
  x - an uncursed potion of see invisible
  X - an uncursed potion of sickness
  T - a blessed potion of speed
 Rings    ('=')
  e - an uncursed ring of conflict
  G - a cursed -1 ring of gain constitution
  F - an uncursed ring of invisibility (on left hand)
 Wands    ('/')
  z - a wand of magic missile (0:6)
  Z - a wand of magic missile (0:5)
  c - a wand of magic missile (0:2)
  s - a wand of speed monster (0:4)
  E - a wand of striking (0:0)
  J - a wand of striking (0:0)
  f - a cursed wand of striking (0:5)
 Tools    ('(')
  o - an uncursed wooden harp
  A - an uncursed brass lantern
  k - an uncursed lock pick
  n - a magic marker (0:20)
  d - a +0 pick-axe
  u - an uncursed towel
  L - a +0 unicorn horn
  S - a +0 unicorn horn
 Gems/Stones  ('*')
  q - an uncursed luckstone named luck

IanCurtis the Wizard's attributes:

Background:
 You were a Thaumaturge, a level 9 male elven Wizard.
 You were chaotic, on a mission for Anhur
 who was opposed by Ptah (lawful) and Thoth (neutral).
 You were right-handed.
 You were in the Gnomish Mines, on level 11.
 You entered the dungeon 8964 turns ago.
 It was nighttime.
 You had 3074 experience points, 2046 more were needed to attain level 10.

Basics:
 You had 0 out of 72 hit points.
 You had 58 out of 82 energy points (spell power).
 Your armor class was 8.
 Your wallet contained 127 zorkmids.
 Autopickup was off.

Final Characteristics:
 Your strength was 12 (limit:18).
 Your dexterity was 13 (limit:18).
 Your constitution was 16 (limit:16).
 Your intelligence was 19 (limit:20).
 Your wisdom was 14 (limit:20).
 Your charisma was 10 (limit:18).

Final Status:
 You were hungry.
 You were unencumbered.
 You were wielding a dagger.
 You had basic skill with dagger and could have enhanced that.

Final Attributes:
 You were piously aligned.
 You were magic-protected.
 You were cold resistant.
 You were sleep resistant.
 You were poison resistant.
 You had infravision.
 You were invisible.
 You could jump.
 You were warded.
 You were lucky.
 You had extra luck.
 Bad luck did not time out for you.
 Good luck did not time out for you.
 You are dead.

Miscellaneous:
 You didn't encounter any bones levels.
 Total elapsed playing time was 1 hour, 16 minutes and 42 seconds.

Major events:
 Turn
    1: IanCurtis the chaotic male elven Wizard entered the dungeon
  657: entered the Gnomish Mines
  704: attained the rank of Conjurer (level 3)
 1579: became literate by naming Sting
 1909: attained the rank of Thaumaturge (level 6)
 3260: reached Mine Town
 3371: was bestowed with Magicbane by Anhur
 8877: acquired the Mines' End luckstone
 8964: killed by a soldier ant

Spells:
 Name                 Level Category     Fail Retention
 force bolt             1   attack         0%   56%-60%
 slow monster           2   enchantment    0%   51%-60%

Skills:
 Fighting Skills
   bare handed combat [Unskilled]
   riding             [Unskilled]
 Weapon Skills
   dagger             [Basic]
   knife              [Unskilled]
   axe                [Unskilled]
   short sword        [Unskilled]
   club               [Unskilled]
   mace               [Unskilled]
   quarterstaff       [Skilled]
   polearms           [Unskilled]
   spear              [Unskilled]
   trident            [Unskilled]
   sling              [Unskilled]
   dart               [Unskilled]
   shuriken           [Unskilled]
 Spellcasting Skills
   attack spells      [Skilled]
   healing spells     [Unskilled]
   divination spells  [Unskilled]
   enchantment spells [Basic]
   clerical spells    [Unskilled]
   escape spells      [Unskilled]
   matter spells      [Unskilled]

Voluntary challenges:
 Character rerolling was not enabled.
 You never genocided any monsters.
 You never polymorphed an object.
 You never changed form.
 You used no wishes.
Achievements:
 You entered the Gnomish Mines.
 You attained the rank of Conjurer.
 You attained the rank of Thaumaturge.
 You entered Minetown.
 You entered a temple.
 You entered a shop.
 You completed the Gnomish Mines.

 The Dungeons of Doom: levels 1 to 4
    Level 1:
    Level 2:
       Some fountains.
    Level 3:
       A fountain.
       Stairs down to The Gnomish Mines.
    Level 4:
 The Gnomish Mines: levels 4 to 11
    Level 4:
    Level 5:
    Level 6:
    Level 7:
       Some shops, a temple and an altar to Anhur, some fountains, a sink.
    Level 8:
    Level 9:
    Level 10:
    Level 11: <- You were here.
       Final resting place for
          you, killed by a soldier ant.


Vanquished creatures:
  a water demon
  a winter wolf
  a sasquatch
  a dwarf ruler
  a tengu
  a human mummy
  a watchman
  a quivering blob
  5 wolves
 an orc-captain
 an iron piercer
 an ice vortex
  2 vampire bats
  4 gnome rulers
 an orc mummy
  a brown pudding
  a yeti
  a werewolf
  3 lizards
  a housecat
  3 jaguars
  a white unicorn
  a gray unicorn
  a dust vortex
  a gnome mummy
  8 apes
  a rope golem
  4 soldier ants
  a fire ant
  2 wood nymphs
  a water nymph
  2 Uruk-hai
  a rock mole
  2 ponies
  a fog cloud
  a yellow light
  a shrieker
 10 gnome leaders
  5 gnomish wizards
  a kobold mummy
  2 gray oozes
 an elf zombie
  a ghoul
  a paper golem
 16 dwarves
  a homunculus
  2 kobold shamans
  2 hill orcs
  7 rothes
  6 monkeys
  a werejackal
  2 iguanas
  8 killer bees
 an acid blob
  a gas spore
  5 hobbits
  2 giant rats
  2 red molds
 60 gnomes
  2 gnome zombies
  4 geckos
  3 kobolds
  2 goblins
  2 sewer rats
  a grid bug
  5 bats
  3 lichens
  6 newts
227 creatures vanquished.

No species were genocided or became extinct.

Game over:
                       ----------
                      /          \
                     /    REST    \
                    /      IN      \
                   /     PEACE      \
                  /                  \
                  |    IanCurtis     |
                  |      127 Au      |
                  |   killed by a    |
                  |   soldier ant    |
                  |                  |
                  |                  |
                  |       2026       |
                 *|     *  *  *      | *
        _________)/\\_//(\/(/\)/\//\/|_)_______

Goodbye IanCurtis the Wizard...

You died in The Gnomish Mines on dungeon level 11 with 12921 points,
and 127 pieces of gold, after 8964 moves.
You were level 9 with a maximum of 72 hit points when you died.

